 Dungeon Crawl Stone Soup version 0.30-a0-743-gbfdf073431 (webtiles) character file.

Game seed: 12086929478900906891

60224 Newt the Thrower (level 14, -1/105 HPs)
             Began as a Demonspawn Gladiator on Feb 7, 2023.
             Was the Champion of Okawaru.
             Killed from afar by an eleionoma (35 damage)
             ... with a spray of wooden splinters
             ... on level 1 of the Swamp.
             The game lasted 00:28:39 (22296 turns).

Newt the Thrower (Demonspawn Gladiator)            Turns: 22296, Time: 00:28:39

Health: -1/105     AC: 20    Str: 20    XL:     14   Next: 56%
Magic:  0/23       EV: 12    Int:  9    God:    Okawaru [******]
Gold:   1090       SH:  5    Dex: 15    Spells: 22/25 levels left

rFire   + + +      SeeInvis .    b - +8 great mace of the Crushed Mouths {venom, *Rage +Blink rC+ rN+}
rCold   + + +      Faith    .    (shield currently unavailable)
rNeg    + . .      Spirit   +    W - +2 steam dragon scales
rPois   +          Reflect  +    (helmet restricted)
rElec   +          Harm     .    I - +0 cloak
rCorr   .          Rampage  +    p - +0 pair of gloves of Okhlua Wari {Rampage rElec}
Will    +++..      Rage     20%  L - +3 pair of boots of Mojyreto {Contam rF+++ rC+ Will+}
Stlth   +                        N - amulet of reflection
HPRegen 0.37/turn                Q - ring of poison resistance
MPRegen 0.36/turn                U - +4 ring of protection

@: on berserk cooldown, slowed, studying Maces & Flails, very slow
A: horns 1, icy blue scales 2, foul stench 2, magic shield, magic regeneration,
cold resistance 1, strong-willed 1, wild magic 1, evolution 1
a: Renounce Religion, Evoke Blink, Heroism, Finesse, Duel


You were on level 1 of the Swamp.
You worshipped Okawaru.
Okawaru was exalted by your worship.
You visited 5 branches of the dungeon, and saw 18 of its levels.
You also visited: Ossuary and Bailey.

You collected 2216 gold pieces.
You spent 1126 gold pieces at shops.

Inventory:

Hand Weapons
 a - a +9 morningstar of freezing
 b - the +8 great mace of the Crushed Mouths (weapon) {venom, *Rage +Blink rC+ rN+}
   (You bought it in a shop on level 2 of the Orcish Mines)

   rC:        It protects you from cold.
   rN:        It protects you from negative energy.
   +Blink:    It lets you blink.
   *Rage:     It berserks you when you make melee attacks (+20% chance).
 x - the +6 quick blade "Ojuulunad" {heavy, *Slow Int+5}
   (Okawaru gifted it to you on level 2 of the Lair of Beasts)

   Int:       It affects your intelligence (+5).
   *Slow:     It may slow you when you take damage.
 M - a +4 whip of venom
 X - a +4 arbalest
Missiles
 d - a throwing net
 g - 3 silver boomerangs
 j - 3 silver javelins
 l - 2 datura-tipped darts
 y - 8 javelins
 A - 5 atropa-tipped darts
 K - 16 boomerangs (quivered)
Armour
 p - the +0 pair of gloves of Okhlua Wari (worn) {Rampage rElec}
   (You found it on level 3 of the Dungeon)

   rElec:     It insulates you from electricity.
   Rampage:   It bestows one free step when moving towards enemies.
 u - a scarf of shadows
 I - a +0 cloak (worn)
 L - the +3 pair of boots of Mojyreto (worn) {Contam rF+++ rC+ Will+}
   (You found it on level 6 of the Dungeon)

   rF:        It renders you almost immune to fire.
   rC:        It protects you from cold.
   Contam:    It causes magical contamination when unequipped.
   Will:      It increases your willpower.
 W - +2 steam dragon scales (worn)
Jewellery
 n - a ring of see invisible
 B - a ring of flight
 J - an amulet of regeneration
 N - an amulet of reflection (around neck)
 P - a ring of wizardry
 Q - a ring of poison resistance (left hand)
 U - a +4 ring of protection (right hand)
Wands
 i - a wand of quicksilver (8)
 r - a wand of iceblast (20)
 s - a wand of flame (35)
 z - a wand of polymorph (6)
Scrolls
 c - a scroll of identify
 e - 3 scrolls of enchant armour
 f - 3 scrolls of enchant weapon
 v - 6 scrolls of teleportation
 H - 3 scrolls of fear
 O - 5 scrolls of blinking
 R - a scroll of magic mapping
 T - 2 scrolls of fog
Potions
 h - a potion of resistance
 k - a potion of magic
 m - a potion of cancellation
 o - a potion of flight
 q - 2 potions of mutation
 t - 3 potions of heal wounds
 w - 5 potions of ambrosia
 C - 2 potions of berserk rage
 D - 7 potions of curing
 E - 4 potions of might
 F - 5 potions of brilliance
 G - 6 potions of haste
 S - 3 potions of lignification
 Y - a potion of invisibility


   Skills:
 - Level 8.0 Fighting
 - Level 5.7 Short Blades
 - Level 0.8(8.9) Axes
 + Level 13.3 Maces & Flails
 - Level 3.1(3.2) Polearms
 - Level 14.0 Throwing
 - Level 2.6 Dodging
 - Level 1.5 Stealth
 - Level 6.0 Spellcasting
 - Level 6.0 Transmutations
 - Level 13.2 Invocations


You had 22 spell levels left.
You knew the following spells:

 Your Spells              Type           Power      Damage    Failure   Level
a - Wereblood             Tmut           17%        N/A       4%          2
b - Beastly Appendage     Tmut           34%        N/A       3%          1

Your spell library contained the following spells:

 Spells                   Type           Power      Damage    Failure   Level
 Spider Form              Tmut/Pois      10%        N/A       26%         3
 Kiss of Death            Conj/Necr      12%        2d6       30%         1
 Cigotuvi's Dreadful Rot  Necr/Pois/Air  6%         N/A       41%         2
 Ensorcelled Hibernation  Hex/Ice        6%         N/A       41%         2
 Scorch                   Fire           6%         2d5       41%         2
 Static Discharge         Conj/Air       6%         2-3/arc   41%         2
 Sublimation of Blood     Necr           3%         N/A       41%         2
 Confusing Touch          Hex            3%         N/A       63%         3
 Inner Flame              Hex/Fire       3%         N/A       63%         3
 Stone Arrow              Conj/Erth      6%         3d7       63%         3
 Swiftness                Air            3%         N/A       63%         3
 Vhi's Electric Charge    Tloc/Air       6%         N/A       63%         3
 Yara's Violent Unravell  Hex/Tmut       5%         3d4       91%         5
 Anguish                  Hex/Necr       1%         N/A       95%         4
 Cause Fear               Hex            1%         N/A       95%         4
 Dispel Undead            Necr           3%         3d7       95%         4
 Flame Wave               Conj/Fire      3%         2d5       95%         4
 Passage of Golubria      Tloc           3%         N/A       95%         4
 Arcjolt                  Conj/Air       1%         1d11      100%        5
 Dragon Form              Tmut           8%         N/A       100%        7
 Lehudib's Crystal Spear  Conj/Erth      1%         10d2      100%        8
 Maxwell's Capacitive Co  Air            1%         ∞         100%        8
 Tukima's Dance           Hex            Unusable   N/A       N/A         3
 Animate Armour           Summ/Erth      Unusable   N/A       N/A         4
 Summon Cactus Giant      Summ           Unusable   N/A       N/A         6
 Summon Hydra             Summ           Unusable   N/A       N/A         7
 Dragon's Call            Summ           Unusable   N/A       N/A         9

Dungeon Overview and Level Annotations

Branches:
Dungeon (9/15)             Temple (1/1) D:6            Lair (5/5) D:9
  Swamp (1/4) Lair:3        Snake (0/4) Lair:2        Slime (0/5) Lair:4
    Orc (2/2) D:9             Elf (0/3) Orc:2       Ossuary (visited)
 Bailey (visited)

Altars:
Ashenzari
Cheibriados
Dithmenos
Fedhas
Gozag
Hepliaklqana
Kikubaaqudgha
Makhleb
Nemelex Xobeh
Okawaru
Ru
Sif Muna
Trog
Uskayaw
Vehumet
Wu Jian
Xom
Yredelemnul

Shops:
D:8 [   Orc:2 ??:(

Portals:
Pandemonium: Orc:2

Annotations:
D:5 2 runed translucent doors, bande's ghost, novice GrFi


Innate Abilities, Weirdness & Mutations

You have a pair of small horns on your head.
You are mostly covered in icy blue scales. (AC +3)
You sometimes emit foul miasma when damaged in melee.
When hurt, damage is shared between your health and your magic reserves.
You regenerate magic rapidly.
Your flesh is cold resistant. (rC+)
You are strong-willed. (Will+)
Your spells are a little harder to cast, but a little more powerful.
You have hidden genetic potential.


Message History

The swamp dragon barely misses you.
You are too berserk!
The swamp dragon is no longer moving slowly.
The eleionoma is no longer moving slowly.
You kill the swamp worm!
Okawaru accepts your kill.
You block the vampire mosquito's attack.
The eleionoma is engulfed in dark miasma.
The eleionoma looks even sicker.
The eleionoma hurls a spray of splinters at you.
The spray of wooden splinters hits you!
* * * LOW HITPOINT WARNING * * *
The vampire mosquito bites you.
Your life force feels restored.
Unknown command.
You feel a strong urge to attack something.
You are no longer berserk.
You are exhausted.
You feel yourself slow down.
You kill the alligator!
Okawaru accepts your kill.
The swamp dragon is engulfed in dark miasma.
The swamp dragon looks even sicker.
The swamp dragon breathes poison at you.
The blast of poison engulfs the vampire mosquito.
The vampire mosquito completely resists.
The eleionoma is engulfed in dark miasma.
The eleionoma looks even sicker.
The eleionoma splashes around in the water.
The vampire mosquito bites you but does no damage.
Unknown command.
You feel much better. The vampire mosquito barely misses you.
The swamp dragon is engulfed in dark miasma.
You block the vampire mosquito's attack.
The eleionoma is engulfed in dark miasma.
The eleionoma looks as sick as possible!
The eleionoma seems to slow down.
The eleionoma hurls a spray of splinters at you.
The spray of wooden splinters hits you!!!
You die...

♣~♣ ♣♣♣ ♣.♣ ♣.♣
♣♣.♣♣ ♣.♣
♣♣~~.♣♣♣~♣
♣♣♣♣♣♣~~~..♣.~♣♣
♣.<....~~§.....♣
♣♣♣♣♣♣.~~~)~~~~♣
♣.~~~~..~.♣♣
♣~§~~.~♣~@y♣
♣...~~~♣Ryy♣♣
♣...~.~♣§D§.♣♣..♣
♣....~..§°☼§.^..♣
~~~~~~§~~~~~~~§♣..
~~~~~~♣...:~~.♣
~~~.~~~~~~~.[.♣
~~~.♣~♣~.~~~~...
~.♣~~~♣/~.~~~~..


You could see an eleionoma (extremely poisoned, slow), a swamp dragon (very
poisoned, catching breath) and 3 vampire mosquitoes.

Vanquished Creatures
  Gastronok (Lair:3)
  7 hydras
  2 demonspawn (Orc:2)
  A two-headed ogre (Orc:1)
  A boulder beetle (Lair:3)
  3 death yaks (Lair:5)
  An alligator (Swamp:1)
  6 orc high priests (Orc:2)
  Urug (Lair:4)
  Sonja (Lair:3)
  3 lindwurms
  Pikel (D:9)
  7 orc knights
  5 orc sorcerers (Orc:2)
  3 wolf spiders (Lair:5)
  3 elephants (Lair:5)
  A rust devil (Orc:2)
  8 black mambas
  24 cane toads
  2 torpor snails (Lair:5)
  An orange demon (Orc:2)
  4 rime drakes
  6 komodo dragons
  2 ice devils (Orc:2)
  A hornet (Swamp:1)
  A hellwing (Orc:2)
  3 polar bears
  Prince Ribbit (D:7)
  A troll (Orc:1)
  11 blink frogs
  7 dream sheep (Lair:5)
  A spriggan (Swamp:1)
  A ynoxinul (Orc:2)
  5 wyverns
  2 basilisks
  20 yaks
  A steam dragon (D:8)
  4 vampire mosquitoes
  Menkaure (D:7)
  5 wargs
  2 swamp worms
  28 water moccasins
  2 ice beasts
  3 black bears
  33 orc warriors
  2 sky beasts
  16 wolves
  5 ogres
  4 centaurs
  A lemure (D:9)
  A phantom (D:6)
  A gnoll sergeant (D:3)
  8 bullfrogs
  3 necrophages
  A scorpion (D:6)
  14 wights
  3 killer bees (D:9)
  2 howler monkeys
  3 centaur zombies (Ossuary)
  A quasit (D:4)
  19 orc priests
  8 hounds
  2 gnoll boudas
  2 jellies
  Crazy Yiuf (D:5)
  2 iguanas (D:5)
  16 orc wizards
  5 hell rats (Lair:4)
  5 mummies (Ossuary)
  20 gnolls
  8 adders
  3 shadow imps
  5 white imps
  An ufetubus (D:7)
  3 worms
  5 dart slugs
  78 orcs
  3 bats
  5 endoplasms
  4 giant cockroaches
  4 goblins
  3 hobgoblins
  19 jackals
  6 kobolds
  3 quokkas
  5 ball pythons
  7 frilled lizards
  2 hobgoblin zombies (Ossuary)
  A quokka zombie (D:4)
  A rat (D:3)
  A rat zombie (D:4)
539 creatures vanquished.

Vanquished Creatures (others)
  2 demonic plants (D:4)
  24 fungi
  85 plants
111 creatures vanquished.

Grand Total: 650 creatures vanquished

Notes
Turn   | Place    | Note
-------+----------+-------------------------------------------
     0 | D:1      | Newt the Demonspawn Gladiator began the quest for the Orb.
     0 | D:1      | Reached XP level 1. HP: 16/16 MP: 1/1
    86 | D:1      | Reached skill level 1 in Stealth
    98 | D:1      | Gained mutation: You may rarely emit foul miasma when
                  | damaged in melee. [demonic ancestry]
    98 | D:1      | Reached XP level 2. HP: 13/22 MP: 2/2
   950 | D:2      | Gained mutation: You are partially covered in icy blue
                  | scales. (AC +2) [demonic ancestry]
   950 | D:2      | Reached XP level 3. HP: 28/29 MP: 3/3
  1227 | D:2      | Found a faded altar of an unknown god.
  1901 | D:3      | Identified the +0 pair of gloves of Okhlua Wari {Rampage
                  | rElec}
  1966 | D:3      | Reached XP level 4. HP: 37/37 MP: 4/4
  2035 | D:3      | Noticed a water moccasin
  2058 | D:3      | Killed a water moccasin
  2059 | D:3      | Gained mutation: You sometimes emit foul miasma when
                  | damaged in melee. [demonic ancestry]
  2059 | D:3      | Reached XP level 5. HP: 17/42 MP: 5/5
  2800 | D:3      | Reached skill level 5 in Short Blades
  2800 | D:3      | Gained mutation: You have a pair of small horns on your
                  | head. [demonic ancestry]
  2800 | D:3      | Reached XP level 6. HP: 45/48 MP: 6/6
  3370 | D:3      | Reached skill level 1 in Polearms
  3803 | D:3      | Reached XP level 7. HP: 43/54 MP: 7/7
  4523 | D:4      | Found a sand-covered staircase.
  4537 | D:4      | Reached skill level 1 in Maces & Flails
  4597 | Ossuary  | Entered an ossuary
  4616 | Ossuary  | HP: 2/54 [mummy (10)]
  5621 | D:5      | Entered Level 5 of the Dungeon
  5630 | D:5      | Found a runed translucent door.
  5633 | D:5      | Noticed bande's ghost (novice GrFi)
  5675 | D:5      | Gained mutation: You are mostly covered in icy blue scales.
                  | (AC +3) [demonic ancestry]
  5675 | D:5      | Reached XP level 8. HP: 48/60 MP: 8/8
  5871 | D:5      | Reached skill level 5 in Maces & Flails
  5977 | D:5      | Found a runed translucent door.
  5978 | D:5      | Noticed Crazy Yiuf
  6055 | D:5      | Found a snail-covered altar of Cheibriados.
  6079 | D:5      | Reached skill level 2 in Throwing
  6124 | D:5      | Found a runed translucent door.
  6243 | D:5      | Killed Crazy Yiuf
  6354 | D:6      | Identified the +3 pair of boots of Mojyreto {Contam rF+++
                  | rC+ Will+}
  6408 | D:6      | Reached skill level 3 in Throwing
  6525 | D:6      | Reached skill level 4 in Throwing
  6581 | D:6      | Reached skill level 5 in Throwing
  6617 | D:6      | Found a staircase to the Ecumenical Temple.
  6638 | Temple   | Entered the Ecumenical Temple
  6843 | Temple   | Became a worshipper of Warmaster Okawaru
  6967 | D:6      | Reached XP level 9. HP: 56/65 MP: 9/9
  7319 | D:7      | Reached skill level 6 in Throwing
  7319 | D:7      | Reached skill level 1 in Spellcasting
  7337 | D:7      | Reached skill level 1 in Transmutations
  7400 | D:7      | Reached * piety under Okawaru
  7539 | D:7      | Noticed Prince Ribbit
  7549 | D:7      | Killed Prince Ribbit
  7592 | D:7      | Learned a level 2 spell: Wereblood
  7654 | D:7      | Noticed Menkaure
  7661 | D:7      | Killed Menkaure
  8103 | D:8      | Reached skill level 5 in Spellcasting
  8177 | D:8      | Reached ** piety under Okawaru
  8354 | D:8      | Reached XP level 10. HP: 69/70 MP: 18/18
  8822 | D:8      | Found Fin Futyu's Armour Emporium.
  8934 | D:8      | HP: 3/71 [yak (9)]
  9288 | D:8      | Reached skill level 5 in Transmutations
  9290 | D:8      | Reached *** piety under Okawaru
  9513 | D:9      | Found a flagged portal.
  9523 | Bailey   | Entered a bailey
  9771 | Bailey   | Reached skill level 5 in Fighting
  9896 | Bailey   | Noticed an orc knight
  9896 | Bailey   | Noticed an orc knight
  9909 | Bailey   | Killed an orc knight
  9925 | Bailey   | Killed an orc knight
 10311 | D:9      | Found a staircase to the Orcish Mines.
 10314 | D:9      | Reached **** piety under Okawaru
 10321 | D:9      | Received a gift from Okawaru
 10325 | D:9      | Gained mutation: You regenerate magic rapidly. [demonic
                  | ancestry]
 10325 | D:9      | Reached XP level 11. HP: 66/86 MP: 20/20
 10341 | D:9      | Gained mutation: You are somewhat resistant to further
                  | mutation. [potion of mutation]
 10342 | D:9      | Lost mutation: You are somewhat resistant to further
                  | mutation. [potion of mutation]
 10342 | D:9      | Gained mutation: You are strong-willed. (Will+) [potion of
                  | mutation]
 10342 | D:9      | Gained mutation: You have hidden genetic potential. [potion
                  | of mutation]
 10443 | D:9      | Noticed Pikel
 10451 | D:9      | Killed Pikel
 10678 | D:9      | Found a staircase to the Lair.
 11015 | Lair:1   | Entered Level 1 of the Lair of Beasts
 11042 | Lair:1   | Reached ***** piety under Okawaru
 11248 | Lair:1   | Identified the +1 robe of Upsadog {Fly}
 11459 | Lair:1   | Received a gift from Okawaru
 12384 | Lair:2   | Found a staircase to the Snake Pit.
 12398 | Lair:2   | Identified the +6 quick blade "Ojuulunad" {heavy, *Slow
                  | Int+5} (Okawaru gifted it to you on level 2 of the Lair of
                  | Beasts)
 12398 | Lair:2   | Received a gift from Okawaru
 12406 | Lair:2   | Reached skill level 1 in Invocations
 12833 | Lair:2   | Reached skill level 5 in Invocations
 13099 | Lair:2   | Noticed a five-headed hydra
 13107 | Lair:2   | Killed a five-headed hydra
 13248 | Lair:2   | Gained mutation: When hurt, damage is shared between your
                  | health and your magic reserves. [demonic ancestry]
 13248 | Lair:2   | Reached XP level 12. HP: 80/92 MP: 21/21
 13252 | Lair:2   | Gained mutation: Your spells are a little harder to cast,
                  | but a little more powerful. [hidden potential]
 13362 | Lair:2   | Identified the +0 robe of Serendipity {Contam rCorr Str-5
                  | Archmagi} (Okawaru gifted it to you on level 2 of the Lair
                  | of Beasts)
 13362 | Lair:2   | Received a gift from Okawaru
 13695 | Lair:2   | Noticed an eight-headed hydra
 13705 | Lair:2   | Killed an eight-headed hydra
 13707 | Lair:2   | Reached skill level 10 in Invocations
 13877 | Lair:3   | Noticed Sonja
 13882 | Lair:3   | Killed Sonja
 14287 | Lair:3   | Noticed a boulder beetle
 14375 | Lair:3   | Found an ornate altar of the Wu Jian Council.
 14377 | Lair:3   | Found a hide-covered altar of Uskayaw.
 14385 | Lair:3   | Killed a boulder beetle
 14578 | Lair:3   | Noticed Gastronok
 14591 | Lair:3   | Killed Gastronok
 14640 | Lair:3   | Reached skill level 7 in Throwing
 14828 | Lair:3   | Found a staircase to the Swamp.
 14914 | Lair:3   | Noticed a six-headed hydra
 14925 | Lair:3   | Killed a six-headed hydra
 14925 | Lair:3   | Reached ****** piety under Okawaru
 14925 | Lair:3   | Received a gift from Okawaru
 14926 | Lair:3   | Reached skill level 8 in Throwing
 14931 | Lair:3   | Learned a level 1 spell: Beastly Appendage
 15351 | Lair:4   | Received a gift from Okawaru
 15381 | Lair:4   | Identified a scroll of acquirement
 15381 | Lair:4   | Acquired a manual of Maces & Flails
 15445 | Lair:4   | Reached XP level 13. HP: 98/98 MP: 22/22
 15493 | Lair:4   | Found a staircase to the Slime Pits.
 15514 | Lair:4   | Gained mutation: You have great hidden genetic potential.
                  | [hidden potential]
 15514 | Lair:4   | Lost mutation: You have great hidden genetic potential.
                  | [hidden potential expressed]
 15933 | Lair:4   | Reached skill level 9 in Throwing
 15987 | Lair:4   | Noticed Urug
 15999 | Lair:4   | Killed Urug
 16380 | Lair:4   | Identified the +3 scale mail "Mian" {Int+3} (Okawaru gifted
                  | it to you on level 4 of the Lair of Beasts)
 16380 | Lair:4   | Received a gift from Okawaru
 16901 | Lair:5   | Entered Level 5 of the Lair of Beasts
 16911 | Lair:5   | Reached skill level 10 in Throwing
 17236 | Lair:5   | Reached skill level 11 in Throwing
 17961 | Lair:5   | Got Sif Muna's Spellbook of Clouds and Pyromancy
 18016 | Lair:5   | Reached skill level 12 in Throwing
 18330 | Lair:5   | Received a gift from Okawaru
 18573 | Lair:5   | Reached skill level 13 in Throwing
 18832 | Orc:1    | Entered Level 1 of the Orcish Mines
 18895 | Orc:1    | Received a gift from Okawaru
 19072 | Orc:1    | Reached XP level 14. HP: 99/105 MP: 20/23
 19101 | Orc:1    | Gained mutation: Your flesh is cold resistant. (rC+)
                  | [hidden potential]
 19459 | Orc:2    | Entered Level 2 of the Orcish Mines
 19477 | Orc:2    | Found a staircase to the Elven Halls.
 19564 | Orc:2    | Found Ujiaf's Magic Scroll Boutique.
 19581 | Orc:2    | Received a gift from Okawaru
 19592 | Orc:2    | Found Erodiell's Magic Scroll Shop.
 20364 | Orc:2    | Received a gift from Okawaru
 20583 | Orc:2    | Bought a scroll of enchant armour for 75 gold pieces
 20583 | Orc:2    | Bought a scroll of identify for 20 gold pieces
 20587 | Orc:2    | Bought a scroll of identify for 26 gold pieces
 20587 | Orc:2    | Bought a scroll of enchant weapon for 97 gold pieces
 21114 | Orc:2    | Reached skill level 14 in Throwing
 21114 | Orc:2    | Reached skill level 10 in Maces & Flails
 21819 | Orc:2    | Received a gift from Okawaru
 21824 | Orc:2    | Found Icawen's Book Shoppe.
 21824 | Orc:2    | Found a one-way gate leading to the halls of Pandemonium.
 21824 | Orc:2    | Found Rankiacw's Antique Weapon Emporium.
 21832 | Orc:2    | Bought an ichor-stained great mace for 264 gold pieces
 21832 | Orc:2    | Identified the +8 great mace of the Crushed Mouths {venom,
                  | *Rage +Blink rC+ rN+} (You bought it in a shop on level 2
                  | of the Orcish Mines)
 22060 | Orc:2    | Bought a book of the Dragon for 644 gold pieces
 22196 | Swamp:1  | Entered Level 1 of the Swamp
 22296 | Swamp:1  | Killed from afar by an eleionoma

Illustrated notes

Levels and vault maps discovered:
D:1:      shiori_arrival_maze, layout_basic
D:2:      layout_basic, ebering_ecumenical_altar_ruins
D:3:      lemuel_castle_with_subvaults [lemuel_castle_interior_carwin_2],
          layout_loops_ring, palyth_stone_intersect,
          minmay_randomly_rotated_circles
D:4:      layout_basic, serial_demonic, serial_demonic_a, serial_demonic_c,
          serial_demonic_d, serial_demonic_b, enter_ossuary_4
D:5:      layout_rooms, mainiacjoe_overflow_concentric_impassable,
          ebering_ghost_sewer_f, cheibrodos_gnoll_hut, uniq_crazy_yiuf_cottage
D:6:      layout_loops_ring, temple_fountains, st_stairs_4
D:7:      layout_loops_cross, elyvilon_altar_5, uniq_menkaure,
          uniq_prince_ribbit1
D:8:      layout_basic, serial_shops, nicolae_shop_waterfront, worms_lemuel
D:9:      layout_basic, david_lair_shrubbed, minmay_orc_entry_guard_dogs,
          enter_bailey_2, uniq_pikel
Temple:   compressed_dpeg_triangle_lava_temple
Lair:1:   layout_cave_shapes, minivault_19, infiniplex_staircase_pool,
          serial_bayou_shore_b, lemuel_fruit_fields
Lair:2:   layout_concentric_octagons, minmay_snake_entry_six_corridors,
          minmay_shattered_shrine
Lair:3:   layout_misc_corridors, swamp_mist, minivault_25,
          nzn_masters_of_martial_movement, uniq_sonja, uniq_gastronok
Lair:4:   cheibrodos_lair_river_kwai, layout_gridlike, slime_entry_1,
          grunt_megastairs_3, lemuel_fruit_tree, uniq_urug
Lair:5:   hangedman_lair_in_review, layout_loops_ring, guppyfry_lair_drakes
Swamp:1:  layout_falls_marsh, evilmike_swamp_ruin_rubble_1
Orc:1:    nicolae_orc_accident_3, layout_diamond_mine
Orc:2:    pf_orc_diabolical, layout_caves, mines2_david

Skill      XL: |  1  2  3  4  5  6  7  8  9 10 11 12 13 14 |
---------------+-------------------------------------------+-----
Stealth        | 1 |  1.5
Fighting       | 3 4 8 |  8.0
Short Blades   | 4 5 |  5.7
Polearms       | 2 3 |  3.1
Maces & Flails | 4 6 9 13 | 13.3
Throwing       | 5 6 8 13 14 | 14.0
Spellcasting   | 5 6 |  6.0
Transmutations | 3 6 |  6.0
Invocations    | 7 13 | 13.2
Axes           | |  0.8
Dodging        | |  2.6

Action                     |  1- 3 |  4- 6 |  7- 9 | 10-12 | 13-15 || total
---------------------------+-------+-------+-------+-------+-------++-------
  Melee: Rapier            |    63 |       |       |       |       ||    63
         Punch             |     2 |     1 |     4 |     7 |     5 ||    19
         Dagger            |    97 |   258 |       |       |       ||   355
         Spear             |       |    63 |   114 |       |       ||   177
         Headbutt          |       |    31 |    84 |    88 |   112 ||   315
         Whip              |       |       |   251 |       |       ||   251
         Morningstar       |       |       |    93 |   462 |   536 ||  1091
         Kick              |       |       |       |     3 |     1 ||     4
         Great mace        |       |       |       |       |    18 ||    18
  Throw: Throwing net      |       |     2 |     2 |     2 |     2 ||     8
         Javelin           |       |     1 |       |     2 |    10 ||    13
         Boomerang         |       |       |     3 |     7 |    51 ||    61
   Cast: Wereblood         |       |       |       |     9 |    11 ||    20
         Beastly Appendage |       |       |       |     2 |     1 ||     3
 Invoke: Heroism           |       |       |       |       |     3 ||     3
         Finesse           |       |       |       |       |     1 ||     1
  Evoke: Wand              |       |       |       |     2 |       ||     2
    Use: Scroll            |     5 |     2 |    10 |    14 |     4 ||    35
         Potion            |     1 |       |     3 |     6 |     4 ||    14
   Stab: Sleeping          |     6 |     1 |       |     6 |     3 ||    16
         Held in net/web   |       |     1 |     1 |     1 |       ||     3
         Invisible         |       |       |       |     1 |       ||     1
         Distracted        |       |       |       |     1 |       ||     1
 Armour: Leather armour    |    34 |       |       |       |       ||    34
         Ring mail         |    14 |   200 |   246 |    12 |       ||   472
         Steam dragon scal |       |       |       |   209 |   295 ||   504
  Dodge: Dodged            |   109 |   233 |   279 |   278 |   367 ||  1266
  Block: Other             |       |       |       |    99 |   143 ||   242
         Reflection        |       |       |       |    10 |     2 ||    12

Table legend: (Time is in decaauts)
 A = Elapsed time spent in this place.
 B = Non-inter-level travel time spent in this place.
 C = Inter-level travel time spent in this place.
 D = Time resting spent in this place.
 E = Time spent auto-exploring this place.
 F = Levels seen in this place.
 G = Mean time per level.
                   A        B        C        D        E       F      G
               +--------+--------+--------+--------+--------+-----+--------+
         Total |  22304 |  21354 |    950 |   3889 |  13901 |  20 | 1115.2 |
       Dungeon |   9673 |   9158 |    515 |   1323 |   6150 |   9 | 1074.8 |
        Temple |    215 |    188 |     27 |      0 |    176 |   1 |  215.0 |
          Lair |   7836 |   7651 |    185 |   1319 |   5313 |   5 | 1567.2 |
         Swamp |    100 |    100 |      0 |      0 |     71 |   1 |  100.0 |
  Orcish Mines |   3278 |   3057 |    221 |    907 |   1637 |   2 | 1639.0 |
       Ossuary |    530 |    530 |      0 |    334 |    106 |   1 |  530.0 |
        Bailey |    668 |    668 |      0 |      5 |    446 |   1 |  668.0 |
               +--------+--------+--------+--------+--------+-----+--------+

Top non-repeatable levels by time:
     D:3: 2740 daAuts
  Lair:2: 1973 daAuts
   Orc:2: 1861 daAuts
  Lair:5: 1839 daAuts
  Lair:4: 1694 daAuts
     D:8: 1463 daAuts
   Orc:1: 1417 daAuts
  Lair:3: 1378 daAuts
     D:9: 967 daAuts
  Lair:1: 951 daAuts
     D:1: 919 daAuts
     D:7: 779 daAuts
     D:2: 778 daAuts
     D:6: 719 daAuts
     D:5: 714 daAuts
